 Dungeon Crawl Stone Soup version 0.32-a0-411-g744942f433 (webtiles) character file.

Game seed: 11029040569741345717

5908 cforsyth the Carver (level 10, -9/83 HPs)
             Began as a Coglin Gladiator on Feb 21, 2024.
             Mangled by a meliai
             ... wielding a +0 hand axe
              (14 damage)
             ... on level 8 of the Dungeon.
             The game lasted 00:11:18 (7686 turns).

cforsyth the Carver (Coglin Gladiator)              Turns: 7686, Time: 00:11:18

Health: -9/83      AC:  9    Str: 15    XL:     10   Next: 82%
Magic:  19/19      EV: 13    Int:  7    God:
Gold:   438        SH:  0    Dex: 23    Spells: 9/9 levels left

rFire   . . .        a - +3 long sword {Luis}
rCold   . . .        t - +9 short sword "Nimperil" {venom, rPois rN+ Dex+3}
rNeg    + . .        b - +0 leather armour
rPois   +            c - +0 helmet
rElec   .            (no cloak)
rCorr   .            (no gloves)
SInv    .            (no boots)
Will    .....        y - amulet of the acrobat
Stlth   ++           M - ring of magical power
HPRegen 0.33/turn    T - +4 ring of protection
MPRegen 0.16/turn

%: acrobat
@: lethally poisoned (-9 -> -11), immotile, revved
A: off-hand wielding, slow wielding, warmup strikes, legs shutdown
a: no special abilities


You were on level 8 of the Dungeon.
You visited 2 branches of the dungeon, and saw 9 of its levels.

You collected 438 gold pieces.


Innate Abilities, Weirdness & Mutations

You can wield a second weapon in your off-hand.
It takes a long time for you to wield or remove held weapons.
Your first few attacks do less damage.
Attacking and casting redirects power from your legs.


   Skills:
 + Level 9.6 Fighting
 + Level 9.7 Long Blades
 - Level 1.7 Throwing
 + Level 8.3 Armour
 - Level 2.6 Dodging


You had 9 spell levels left.
You didn't know any spells.
Your spell library contained the following spells:

 Spells                   Type           Power      Damage    Failure   Level
 Shock                    Conj/Air       0%         1d3       50%         1
 Cigotuvi's Dreadful Rot  Necr/Alch/Air  0%         N/A       63%         2
 Sublimation of Blood     Necr           0%         N/A       63%         2
 Frozen Ramparts          Ice            0%         1d1       86%         3
 Swiftness                Air            0%         N/A       86%         3
 Airstrike                Air            0%         2d(0-16)  99%         4
 Animate Armour           Summ/Erth      0%         N/A       99%         4
 Dispel Undead            Necr           0%         3d6       99%         4
 Leda's Liquefaction      Alch/Erth      0%         N/A       99%         4
 Martyr's Knell           Necr/Summ      0%         N/A       99%         4
 Petrify                  Alch/Erth      0%         N/A       99%         4
 Summon Lightning Spire   Summ/Air       0%         N/A       99%         4
 Irradiate                Conj/Alch      0%         3d11      100%        5
 Lee's Rapid Deconstruct  Erth           0%         3d4*      100%        5
 Metabolic Englaciation   Hex/Ice        0%         N/A       100%        5
 Death Channel            Necr           0%         N/A       100%        6

Inventory:

Hand Weapons
 a - a +3 long sword (weapon) {Luis}
 j - a +1 dagger of protection {Zhen}
 t - the +9 short sword "Nimperil" (offhand) {venom, rPois rN+ Dex+3}
   (You found it on level 4 of the Dungeon)

   Dex+3:     It affects your dexterity (+3).
   rPois:     It protects you from poison rN+: It protects you from negative
   energy.
Missiles
 d - 4 throwing nets (quivered) {=f}
 e - a javelin
Armour
 b - a +0 leather armour (worn)
 c - a +0 helmet (worn)
 o - a +2 cloak
 B - a +0 pair of gloves of hurling
Magical Staves
 x - a staff of fire {!a}
 C - a staff of earth {!a}
Jewellery
 y - an amulet of the acrobat (around neck)
 M - a ring of magical power (left grasper)
 T - a +4 ring of protection (right grasper)
 Z - a ring of wizardry
Wands
 F - a wand of light (8)
 G - a wand of mindburst (15)
Scrolls
 g - 4 scrolls of fear {unknown}
 h - a scroll of blinking {unknown}
 i - 5 scrolls of poison {unknown}
 l - 2 scrolls of fog {unknown}
 m - 9 scrolls of identify {unknown}
 p - a scroll of amnesia {unknown}
 w - 2 scrolls of teleportation {unknown}
 D - a scroll of enchant armour {unknown}
 E - a scroll of summoning {unknown}
Potions
 f - 4 potions of curing {unknown}
 k - 2 potions of attraction
 n - a potion of cancellation {unknown}
 q - 2 potions of mutation {unknown}
 r - 3 potions of heal wounds {@q2}
 s - a potion of lignification {unknown}
 u - a potion of invisibility {unknown}
 v - 3 potions of enlightenment {unknown}
 z - 2 potions of resistance {unknown}
 A - a potion of berserk rage {unknown}

Dungeon Overview and Level Annotations

Branches:
Dungeon (8/15)             Temple (1/1) D:7            Lair (0/5) D:8

Altars:
Cheibriados
Dithmenos
Elyvilon
Fedhas
Gozag
Hepliaklqana
Kikubaaqudgha
Makhleb
Nemelex Xobeh
Okawaru
Ru
Sif Muna
Trog
Uskayaw
Vehumet
Xom
The Shining One
Beogh

Shops:
D:1 * D:3

= ~≈~ ≈~. y. y. y♣ .♣
▒▒▒▒▒♣h♣▒▒▒▒▒ ▒▒▒ ♣♣
♣♣..@yy......♣♣ ♣♣.♣♣
♣...♣♣♣.▒▒▒▒▒▒▒▒▒▒▒.♣♣♣...♣
........'........)'........
♣...♣♣♣.▒▒▒▒▒▒▒▒▒▒▒.♣♣♣...♣
♣♣ ♣♣...........♣♣ ♣♣.♣♣
▒▒▒▒▒▒▒▒▒▒▒▒▒ ▒▒▒


You could see a meliai (very poisoned), a howler monkey and a killer bee.


Message History

You barely miss the wyvern with the +9 short sword "Nimperil".
You feel sick. The wyvern closely misses you.
The meliai mumbles some strange prayers to its god against you.
Something smites you!
* * * LOW HITPOINT WARNING * * *
You puncture the wyvern with the +9 short sword "Nimperil"!
The wyvern is almost dead.
You slash the wyvern with your +3 long sword!
You kill the wyvern!
You feel sick. The meliai hits you with a +0 hand axe!
* * * LOW HITPOINT WARNING * * *
The meliai stings you but does no damage.
You closely miss the meliai with the +9 short sword "Nimperil".
You hit the meliai but do no damage.
You feel sick. The meliai barely misses you. The meliai stings you.
* * * LOW HITPOINT WARNING * * *
Unknown command.
Unknown command.
Unknown command.
You hit the meliai with the +9 short sword "Nimperil".
The meliai is poisoned.
The meliai is lightly wounded.
You barely miss the meliai with your +3 long sword.
You feel sick.
The meliai calls down the wrath of its god upon you.
Something smites you!
* * * LOW HITPOINT WARNING * * *
A howler monkey comes into view.
The meliai hits you with a +0 hand axe!
You die...

Skill      XL: |  1  2  3  4  5  6  7  8  9 10 |
---------------+-------------------------------+-----
Armour         | 1 2 3 4 5 7 8 |  8.3
Fighting       | 3 4 5 6 8 9 |  9.6
Long Blades    | 4 5 7 8 9 |  9.7
Throwing       | |  1.7
Dodging        | |  2.6

Action                     |  1- 3 |  4- 6 |  7- 9 | 10-12 || total
---------------------------+-------+-------+-------+-------++-------
  Melee: Long sword        |    63 |   113 |   194 |   120 ||   490
         Dagger            |    18 |   101 |    32 |       ||   151
         Short sword       |       |       |   159 |   113 ||   272
    Use: Potion            |       |       |     2 |       ||     2
   Stab: Sleeping          |     1 |     1 |     5 |     1 ||     8
         Distracted        |       |       |       |     1 ||     1
 Armour: Leather armour    |    36 |    85 |   114 |    74 ||   309
  Dodge: Dodged            |    43 |    73 |   109 |    81 ||   306

Levels and vault maps discovered:
D:1:      spicycebolla_green_bress_n_ham_2, layout_basic, serial_shops, shop,
          minmay_misc_feat_tower, minmay_distorted
D:2:      cheibrodos_greedy_goblins, layout_loops_ring,
          hellmonk_ecumenical_altar_defaced_shrine, uniq_sigmund, uniq_robin
D:3:      layout_loops_ring, amcnicky_altar_gilded,
          mainiacjoe_overflow_alcove_2, serial_shops, shop
D:4:      cheibrodos_thug_alley, layout_basic
D:5:      layout_loops_ring, minivault_27
D:6:      minmay_bubble_buster, layout_basic, tso_oasis_becter, serial_curves,
          eino_curves_04, eino_curves_01, eino_curves_01, minmay_misc_feat_rows,
          serial_park_tiny_1, minmay_a_box_with_orc_wizards_in_it
D:7:      layout_rooms, minmay_temple_entry_trees, hangedman_glass_teeth,
          kennysheep_generic_room_6
D:8:      nzn_winding_woodlands_large [nzn_winding_woodlands_5x5_perimeter,
          nzn_winding_woodlands_5x15_sawtooth,
          nzn_winding_woodlands_5x5_checkerboard,
          nzn_winding_woodlands_center_triple_pond,
          nzn_winding_woodlands_15x15_eel_pit,
          nzn_winding_woodlands_center_diamonds,
          nzn_winding_woodlands_5x5_default,
          nzn_winding_woodlands_5x15_longhouse,
          nzn_winding_woodlands_5x5_open_star], layout_basic
Temple:   eino_temple_water

Notes
Turn   | Place    | Note
-------+----------+-------------------------------------------
     0 | D:1      | cforsyth the Coglin Gladiator began the quest for the Orb.
     0 | D:1      | Reached XP level 1. HP: 16/16 MP: 1/1
   114 | D:1      | Reached XP level 2. HP: 22/22 MP: 2/2
   157 | D:1      | Found Kivoboz's General Store.
   284 | D:1      | Reached skill level 1 in Armour
   430 | D:1      | Reached XP level 3. HP: 28/28 MP: 3/3
   617 | D:2      | Noticed Sigmund
   634 | D:2      | Killed Sigmund
   635 | D:2      | Reached skill level 3 in Fighting
   635 | D:2      | Reached skill level 4 in Long Blades
   635 | D:2      | Reached skill level 2 in Armour
   635 | D:2      | Reached XP level 4. HP: 13/36 MP: 4/4
   635 | D:2      | Reached XP level 5. HP: 15/41 MP: 5/5
   909 | D:2      | Noticed Robin
  1004 | D:2      | Killed Robin
  1005 | D:2      | Reached XP level 6. HP: 37/48 MP: 6/6
  1206 | D:2      | Found a roughly hewn altar of Beogh.
  1225 | D:2      | Reached skill level 4 in Fighting
  1294 | D:2      | Found a faded altar of an unknown god.
  1575 | D:3      | Reached skill level 3 in Armour
  1623 | D:3      | Found a burning altar of Makhleb.
  1774 | D:3      | Found Taplo's Jewellery Shoppe.
  1798 | D:3      | Found an iron altar of Okawaru.
  1990 | D:3      | Reached skill level 5 in Long Blades
  1990 | D:3      | Reached XP level 7. HP: 55/55 MP: 7/7
  2418 | D:4      | Identified the +9 short sword "Nimperil" {venom, rPois rN+
                  | Dex+3}
  2518 | D:4      | HP: 5/54 [poisoned by a kobold brigand]
  2519 | D:4      | HP: 2/54 [poisoned by a kobold brigand]
  2764 | D:4      | Reached skill level 5 in Fighting
  2821 | D:4      | Reached skill level 4 in Armour
  2940 | D:4      | HP: 5/56 [ogre/+0 giant spiked club (26)]
  2942 | D:4      | Reached XP level 8. HP: 6/63 MP: 8/8
  3145 | D:4      | Reached skill level 6 in Long Blades
  3355 | D:4      | Noticed a yak
  3355 | D:4      | Noticed a yak
  3356 | D:4      | Noticed a yak
  3356 | D:4      | Noticed a yak
  3437 | D:3      | Killed a yak
  3499 | D:4      | Killed a yak
  3500 | D:4      | Reached skill level 6 in Fighting
  3500 | D:4      | Reached skill level 5 in Armour
  3770 | D:4      | Killed a yak
  3775 | D:4      | Killed a yak
  3776 | D:4      | Reached skill level 7 in Long Blades
  3899 | D:5      | Entered Level 5 of the Dungeon
  3926 | D:5      | Reached XP level 9. HP: 71/71 MP: 9/9
  4202 | D:5      | Reached skill level 7 in Fighting
  4589 | D:5      | Reached skill level 6 in Armour
  5372 | D:6      | Found a glowing golden altar of the Shining One.
  5588 | D:6      | Reached skill level 8 in Long Blades
  5743 | D:6      | Reached skill level 8 in Fighting
  5790 | D:6      | Reached skill level 7 in Armour
  5833 | D:6      | Reached XP level 10. HP: 81/81 MP: 10/10
  6585 | D:7      | Found a staircase to the Ecumenical Temple.
  6643 | Temple   | Entered the Ecumenical Temple
  6690 | D:7      | Reached skill level 9 in Long Blades
  6822 | D:7      | Reached skill level 9 in Fighting
  7185 | D:8      | Found a staircase to the Lair.
  7306 | D:8      | Reached skill level 8 in Armour
  7669 | D:8      | Noticed a meliai
  7686 | D:8      | HP: 5/83 [meliai/divine providence (15)]
  7686 | D:8      | Mangled by a meliai

Vanquished Creatures
  A troll (D:7)
  Sigmund (D:2)
  3 steam dragons
  A wyvern (D:8)
  6 yaks
  An orc warrior (D:8)
  2 sky beasts
  2 black bears
  4 ogres
  4 kobold brigands
  A phantom (D:6)
  3 bullfrogs
  6 scorpions
  9 wights
  7 killer bees
  3 howler monkeys
  A bombardier beetle (D:5)
  8 hounds
  2 jellies
  5 orc priests
  3 sleepcaps
  2 gnoll boudas
  6 iguanas
  9 orc wizards
  Robin (D:2)
  16 gnolls
  6 adders
  2 shadow imps
  4 white imps (D:6)
  2 ufetubi (D:6)
  2 dart slugs
  A ribbon worm (D:4)
  22 orcs
  6 endoplasms
  3 giant cockroaches
  21 goblins
  13 hobgoblins
  5 jackals (D:2)
  A quokka (D:2)
  5 ball pythons
  4 bats
  2 frilled lizards
  19 kobolds
  5 rats
230 creatures vanquished.

Table legend: (Time is in decaauts)
 A = Elapsed time spent in this place.
 B = Non-inter-level travel time spent in this place.
 C = Inter-level travel time spent in this place.
 D = Time resting spent in this place.
 E = Time spent auto-exploring this place.
 F = Levels seen in this place.
 G = Mean time per level.
                   A        B        C        D        E       F      G
               +--------+--------+--------+--------+--------+-----+--------+
         Total |   7670 |   7403 |    267 |    499 |   5448 |   9 |  852.2 |
       Dungeon |   7668 |   7402 |    266 |    499 |   5448 |   8 |  958.5 |
        Temple |      1 |      0 |      1 |      0 |      0 |   1 |    1.0 |
               +--------+--------+--------+--------+--------+-----+--------+

Top non-repeatable levels by time:
     D:6: 1491 daAuts
     D:4: 1471 daAuts
     D:7: 946 daAuts
     D:2: 925 daAuts
     D:3: 863 daAuts
     D:5: 783 daAuts
     D:1: 654 daAuts
     D:8: 531 daAuts
  Temple: 1 daAuts

Table legend:
 A = Non-vault XP
 B = Vault XP
 C = Vault XP percentage of total XP
 D = Non-vault monster count
 E = Vault monster count
 F = Vault count percentage of total count
                 A         B        C        D         E       F
            +---------+---------+-------+---------+---------+-------
      Total |    5359 |    3081 |  36.5 |     165 |      65 |  28.3
            +---------+---------+-------+---------+---------+-------
        D:1 |      44 |      28 |  38.9 |      16 |      10 |  38.5
        D:2 |      66 |     267 |  80.2 |      19 |      13 |  40.6
        D:3 |     444 |       0 |   0.0 |      19 |       0 |   0.0
        D:4 |    1253 |     223 |  15.1 |      35 |      11 |  23.9
        D:5 |     637 |       0 |   0.0 |      18 |       0 |   0.0
        D:6 |     848 |    1368 |  61.7 |      20 |      21 |  51.2
        D:7 |    1100 |     372 |  25.3 |      20 |       3 |  13.0
        D:8 |     967 |     823 |  46.0 |      18 |       7 |  28.0
            +---------+---------+-------+---------+---------+-------
